cohdb
Replays
Latest Replays
All Replays
Popular Replays
Top Player Replays
Match Explorer
How It Works
Community
CoH3 Stats
Reddit
Sign in to upload your games and track your stats! →
Sign in with Steam
Match 41858703
Unlisted
Match 41858703
Overview
Messages
Build Orders
End
Panzergrenadier Squad
Selects Armored Support Battlegroup
Panzergrenadier Squad
250 Light Carrier
Construct Light Support Kompanie
MG34 Team
Construct Mechanized Kompanie
Selects Superior Fire Drills
Combat Half-tracks
254 Reconnaissance Tractor
Selects Salvage Kits
Support Armor Elements
Veteran Squad Leaders
StuG III D Assault Gun
Marder III Tank Destroyer
Selects Panzer Storm
StuG III D Assault Gun
Marder III Tank Destroyer
Advanced Field Repairs
Tungsten Core Ammunition
Vehicle Survival Package
Construct Panzerarmee Kommand
Selects Stuka Anti-tank Loiter
Armored Reserves
Emergency Repair Kits
le.IG 18 Support Gun Team
Tiger Heavy Tank
Selects Flammpanzer III Medium Tank
Stuka Anti-tank Loiter
Rapid Advance
Advanced Optics
Selects Command Panzer IV F Medium Tank
Command Panzer IV F Medium Tank
Murder Boner
777
Mael Radec
Calm
Major-Chaos
<Scippio>
XxX.
CosmicSpire
0
0
Comments
sign in to comment!
No comments posted yet!